 Dungeon Crawl Stone Soup version 0.31-a0-152-g6aa68a64a1 (webtiles) character file.

Game seed: 12600935750215647748

94 qw the Shooter (level 4, 0/40 HPs)
             Began as a Naga Hunter on June 9, 2023.
             Slain by Grinder (8 damage)
             ... while paralysed by Grinder
             ... on level 3 of the Dungeon.
             The game lasted 00:00:32 (1706 turns).

qw the Shooter (Naga Hunter)                        Turns: 1706, Time: 00:00:32

Health: 0/40       AC:  3    Str: 13    XL:     4   Next: 63%
Magic:  4/4        EV:  1    Int:  9    God:
Gold:   15         SH:  0    Dex: 17    Spells: 3/3 levels left

rFire   . . .        Y - +0 shortbow
rCold   . . .        (shield currently unavailable)
rNeg    . . .        c - +0 leather armour
rPois   +            b - +1 hat
rElec   .            (no cloak)
rCorr   .            (no gloves)
SInv    +            (no barding)
Will    .....        (no amulet)
Stlth   ++           (no ring)
HPRegen 0.26/turn    (no ring)
MPRegen 0.09/turn

%: no passive effects
@: paralysed, very slow
A: AC +1, large, see invisible, deformed body, poison resistance, slowness 2,
spit poison 1, naga tail 1
a: Spit Poison


You were on level 3 of the Dungeon.
You visited 1 branch of the dungeon, and saw 3 of its levels.

You collected 15 gold pieces.


Innate Abilities, Weirdness & Mutations

Your serpentine skin is tough. (AC +1)
You have supernaturally acute eyesight. (SInv)
Armour fits poorly on your strangely shaped body.
Your system is resistant to poisons. (rPois)
You cover ground very slowly.
You can spit poison.
You have a snake-like lower body.


   Skills:
 + Level 2.8 Fighting
 - Level 5.0 Ranged Weapons
 - Level 1.5 Dodging
 - Level 1.5 Stealth


You had 3 spell levels left.
You didn't know any spells.
Your spell library was empty.

Inventory:

Hand Weapons
 Y - a +0 shortbow (weapon)
Armour
 b - a +1 hat (worn)
 c - a +0 leather armour (worn)
Jewellery
 e - an amulet of magic regeneration
 j - a ring of fire
Scrolls
 a - a scroll of identify
Potions
 d - a potion of cancellation
 g - a potion of mutation {unknown}
 i - a potion of heal wounds {unknown}

Dungeon Overview and Level Annotations

Branches:
Dungeon (3/15)

Altars:

Annotations:
D:3 Grinder


Message History

HP restored.
Items here: % )))) [[.
You see here a +0 club.
e - an amulet of magic regeneration Grinder comes into view.
Grinder shouts!
You shoot an arrow. The arrow hits Grinder!
Grinder is moderately wounded.
You shoot an arrow. The arrow closely misses Grinder.
Grinder gestures at you.
You suddenly lose the ability to move!
Grinder hits you but does no damage.
You can move again.
You shoot an arrow. The arrow hits Grinder.
Grinder is moderately wounded.
Grinder gestures at you. Pain shoots through your body!
Grinder barely misses you.
You shoot an arrow. The arrow hits Grinder.
Grinder is heavily wounded.
Grinder says, "Wait up."
Grinder hits you!
You writhe in agony.
You shoot an arrow. The arrow closely misses Grinder.
Grinder completely misses you.
You shoot an arrow. The arrow hits Grinder.
Grinder is severely wounded.
Grinder barely misses you.
You shoot an arrow. The arrow hits Grinder.
Grinder is severely wounded.
Grinder hits you.
You writhe in agony.
You shoot an arrow. The arrow barely misses Grinder.
Grinder hits you.
You writhe in agony.
You shoot an arrow. The arrow barely misses Grinder.
Grinder says, "Mostly I couldn't keep them alive."
Grinder gestures at you.
You struggle to resist.
Grinder gestures at you.
You suddenly lose the ability to move!
Grinder hits you.
You writhe in agony.
Grinder hits you!
You die...

#.###.##.#
#........#
#####.####
#.....##
#.#....####
...###.#.#.#
### #.#...#
..###.# ####
#@#
......5.#
#########


You could see Grinder.

Vanquished Creatures
  An orc wizard (D:3)
  An adder (D:3)
  2 worms (D:2)
  2 dart slugs (D:2)
  5 orcs (D:3)
  9 ball pythons
  2 bats (D:1)
  4 endoplasms
  2 giant cockroaches (D:1)
  5 hobgoblins
  2 kobolds
  2 quokkas (D:1)
  3 frilled lizards
  A goblin (D:1)
  5 rats
46 creatures vanquished.

Notes
Turn   | Place    | Note
-------+----------+-------------------------------------------
     0 | D:1      | qw the Naga Hunter began the quest for the Orb.
     0 | D:1      | Reached XP level 1. HP: 19/19 MP: 1/1
     0 | D:1      | 0 ||| qw: Version: 0.2-a-122-gbc61b45
     0 | D:1      | 0 ||| qw: Game counter: 3330
     0 | D:1      | 0 ||| qw: Always use a shield: true
     0 | D:1      | 0 ||| qw: God list: Okawaru
     0 | D:1      | 0 ||| qw: Allow faded altars: false
     0 | D:1      | 0 ||| qw: Do Orc after D:15 true
     0 | D:1      | 0 ||| qw: Do second Lair branch before Depths: true
     0 | D:1      | 0 ||| qw: Lair rune preference: random
     0 | D:1      | 0 ||| qw: Plans: Normal
     0 | D:1      | 0 ||| PLANNING D:1-11
    61 | D:1      | 61 ||| INVOKING Spit Poison.
    66 | D:1      | 66 ||| INVOKING Spit Poison.
    74 | D:1      | Found a faded altar of an unknown god.
   138 | D:1      | 138 ||| INVOKING Spit Poison.
   143 | D:1      | 143 ||| INVOKING Spit Poison.
   165 | D:1      | Reached skill level 4 in Ranged Weapons
   165 | D:1      | Reached XP level 2. HP: 26/26 MP: 2/2
   166 | D:1      | 166 ||| INVOKING Spit Poison.
   180 | D:1      | 180 ||| INVOKING Spit Poison.
   235 | D:1      | 235 ||| INVOKING Spit Poison.
   250 | D:1      | 250 ||| INVOKING Spit Poison.
   431 | D:1      | 431 ||| INVOKING Spit Poison.
   434 | D:1      | 434 ||| INVOKING Spit Poison.
   717 | D:1      | 717 ||| INVOKING Spit Poison.
   718 | D:1      | Reached XP level 3. HP: 32/32 MP: 3/3
   780 | D:1      | 780 ||| INVOKING Spit Poison.
   782 | D:1      | 782 ||| READING scroll labelled CAEDEGUKIFF.
   841 | D:1      | 841 ||| READING scroll labelled XOAJEMP YCOETZ.
   842 | D:1      | 842 ||| READING scroll labelled FIJ KAYGGE.
   845 | D:1      | 845 ||| READING scroll labelled ISUSED BOLEMYI.
   846 | D:1      | 846 ||| DROPPING scroll of butterflies.
   864 | D:2      | 864 ||| INVOKING Spit Poison.
   869 | D:2      | 869 ||| INVOKING Spit Poison.
   936 | D:2      | 936 ||| INVOKING Spit Poison.
  1024 | D:2      | 1024 ||| INVOKING Spit Poison.
  1062 | D:2      | 1062 ||| INVOKING Spit Poison.
  1191 | D:2      | 1191 ||| INVOKING Spit Poison.
  1332 | D:2      | 1332 ||| INVOKING Spit Poison.
  1412 | D:2      | 1412 ||| INVOKING Spit Poison.
  1491 | D:2      | 1491 ||| READING scroll labelled JUTRAN HICOS.
  1491 | D:2      | Identified a scroll of acquirement
  1491 | D:2      | 1491 ||| ACQUIRING +1 hat
  1491 | D:2      | Acquired a +1 hat
  1493 | D:2      | 1493 ||| UPGRADING to +1 hat.
  1498 | D:2      | 1498 ||| DRINKING 2 fuming grey potions.
  1550 | D:3      | 1550 ||| INVOKING Spit Poison.
  1564 | D:3      | 1564 ||| INVOKING Spit Poison.
  1565 | D:3      | Reached skill level 5 in Ranged Weapons
  1565 | D:3      | Reached XP level 4. HP: 39/39 MP: 4/4
  1581 | D:3      | 1581 ||| INVOKING Spit Poison.
  1584 | D:3      | 1584 ||| INVOKING Spit Poison.
  1587 | D:3      | 1587 ||| INVOKING Spit Poison.
  1590 | D:3      | 1590 ||| INVOKING Spit Poison.
  1596 | D:3      | 1596 ||| INVOKING Spit Poison.
  1602 | D:3      | 1602 ||| INVOKING Spit Poison.
  1694 | D:3      | Noticed Grinder
  1696 | D:3      | Paralysed by Grinder for 2 turns
  1704 | D:3      | Paralysed by Grinder for 3 turns
  1705 | D:3      | HP: 8/40 [Grinder (6)]
  1706 | D:3      | Slain by Grinder

Levels and vault maps discovered:
D:1:      minmay_arrival_pointy, layout_basic,
          shapermc_ecumenical_altar_rom_forum
D:2:      layout_loops_ring, hangedman_decor_growths, minivault_26
D:3:      layout_basic, serial_glass, glass_columns_a, glass_columns_c,
          grunt_decor_fettered, uniq_grinder

Skill      XL: |  1  2  3 |
---------------+----------+-----
Ranged Weapons | 4 5 |  5.0
Fighting       | |  2.8
Dodging        | |  1.5
Stealth        | |  1.5

Action                     |  1- 3 |  4- 6 || total
---------------------------+-------+-------++-------
   Fire: Shortbow          |    60 |    26 ||    86
Ability: Spit Poison       |    22 |     6 ||    28
    Use: Scroll            |     5 |       ||     5
         Potion            |     1 |       ||     1
 Armour: Leather armour    |       |     2 ||     2
  Dodge: Dodged            |     3 |     6 ||     9

Table legend:
 A = Non-vault XP
 B = Vault XP
 C = Vault XP percentage of total XP
 D = Non-vault monster count
 E = Vault monster count
 F = Vault count percentage of total count
                 A         B        C        D         E       F
            +---------+---------+-------+---------+---------+-------
      Total |     135 |       0 |   0.0 |      46 |       0 |   0.0
            +---------+---------+-------+---------+---------+-------
        D:1 |      37 |       0 |   0.0 |      23 |       0 |   0.0
        D:2 |      31 |       0 |   0.0 |      13 |       0 |   0.0
        D:3 |      67 |       0 |   0.0 |      10 |       0 |   0.0
            +---------+---------+-------+---------+---------+-------
